 Dungeon Crawl Stone Soup version 0.18-a0-79-gb542d04 (webtiles) character file.

602 Duffy the Cudgeler (level 7, 56/60 HPs)
             Began as a White Draconian Fighter on Nov 13, 2015.
             Quit the game on level 4 of the Dungeon.
             The game lasted 00:05:28 (3950 turns).

Duffy the Cudgeler (White Draconian Fighter)        Turns: 3950, Time: 00:05:28

Health: 56/60      AC:  6    Str: 20    XL:     7   Next: 18%
Magic:  7/7        EV: 10    Int:  8    God:
Gold:   196        SH: 10    Dex: 11    Spells: 0 memorised, 6 levels left

rFire  . . .     SeeInvis .     a - +0 flail
rCold  + . .     Clarity  +     (armour unavailable)
rNeg   . . .     SustAt   .     b - +0 shield
rPois  .         Gourm    .     (helmet restricted)
rElec  .         Spirit   .     (no cloak)
rCorr  .         Warding  .     (no gloves)
rMut   .         Stasis   .     (no boots)
MR     .....                    r - amulet of clarity
Stlth  +.........               (no ring)
                                (no ring)

@: not resistant to hostile enchantments, very unstealthy
A: breathe frost, unfitting armour, cold resistance 1, cold-blooded, AC +6
a: Breathe Frost


You were on level 4 of the Dungeon.
You were not hungry.

You visited 1 branch of the dungeon, and saw 4 of its levels.

You collected 196 gold pieces.


Innate Abilities, Weirdness & Mutations

You can breathe waves of freezing cold.
You can buffet flying creatures when you breathe cold.
Your icy white scales are hard (AC +6).
Your body does not fit into most forms of armour.
Your flesh is cold resistant.
You are cold-blooded and may be slowed by cold attacks.


   Skills:
 + Level 4.6 Fighting
 + Level 6.0 Maces & Flails
 - Level 2.6 Dodging
 - Level 5.2 Shields


You had 6 spell levels left.
You didn't know any spells.

Inventory:

Hand Weapons
 a - a +0 flail (weapon)
Missiles
 e - 39 poisoned needles
 s - 2 javelins (quivered)
 y - 7 curare-tipped needles
Armour
 b - a +0 shield (worn)
Jewellery
 r - an amulet of clarity (around neck)
Wands
 z - a wand of cold (8)
 C - a wand of polymorph (10)
Scrolls
 f - 2 scrolls of enchant weapon {unknown}
 g - a scroll of magic mapping {unknown}
 i - a scroll of blinking {unknown}
 m - a scroll of immolation {unknown}
 n - 2 scrolls of amnesia {unknown}
 o - 2 scrolls of fog {unknown}
 q - 2 scrolls of remove curse {unknown}
 t - a scroll of recharging {unknown}
 v - a scroll of random uselessness {unknown}
 A - a scroll of enchant armour {unknown}
 B - 2 scrolls of teleportation {unknown}
 E - a scroll of fear {unknown}
Potions
 c - a potion of might
 j - a potion of brilliance
 w - a potion of curing
 x - a potion of agility
 D - a potion of flight
Comestibles
 d - 2 bread rations
 h - 3 chunks of flesh
 p - 3 meat rations
 F - a beef jerky

Dungeon Overview and Level Annotations

Branches:
Dungeon (4/15)
 Temple: D:4-7

Altars:
Fedhas
Ru
Sif Muna

Annotations:
D:2 Dig


Message History

The yak is heavily wounded.
The yak gores you but does no damage. You block the yak's attack.
You barely miss the yak.
The yak is heavily wounded.
The yak gores you!
You thump the yak!
The yak is severely wounded.
The yak gores you but does no damage.
You hit the yak. You tail-slap the yak.
The yak is almost dead.
The yak gores you.
You sock the yak!
You kill the yak!
Your Maces & Flails skill increases to level 6!
You have reached level 7!
Your scales start taking on an icy white colour.
You feel resistant to cold.
You see here a yak corpse.
You butcher the yak corpse.
h - 5 chunks of flesh You see here a yak skeleton.
You start resting.
Eating one of 5 chunks of flesh.
This raw flesh tastes terrible.
You are feeling hungry.
You continue eating. x2
Eating one of 4 chunks of flesh.
This raw flesh tastes terrible.
You continue eating. x2
HP restored.
Press: ? - help, Shift-Dir - straight line, f - you Really target yourself?
You exhale a wave of freezing cold.
The freezing breath hits you! You resist.
You feel somewhat more hungry.
You start resting.
You have got your breath back.
Are you sure you want to abandon this character and quit the game? (Confirm with "yes".)

...[.......#.#..Y........#.#.....
############.#############.######
.................................
.....#.#.#....#..................
....'..#.#..#....................
....####.#..#....................
.(..# #.#..#................(...
....# #.#..#.#<#.######.########
....# #.#..#.#.@.# #.#.......
....# #.#..#+##..# #.#.####..
....# #.#........# #......'..
##### #.#.......># ###.####..
#.#........# ######.## ###
######'#......#+###.......####
#............................#
###............................#
..........<..........#####...).#


There were no monsters in sight!

Action                   |  1- 3 |  4- 6 |  7- 9 || total
-------------------------+-------+-------+-------++-------
Melee: Flail             |   104 |   145 |       ||   249
Throw: Javelin           |       |     2 |       ||     2
 Abil: Breathe Frost     |       |       |     1 ||     1
  Use: Scroll            |       |     6 |       ||     6
 Stab: Sleeping          |     2 |     1 |       ||     3
  Eat: Chunk             |     3 |     5 |     2 ||    10

Notes
Turn   | Place    | Note
--------------------------------------------------------------
     0 | D:1      | Duffy the Draconian Fighter began the quest for the Orb.
     0 | D:1      | Reached XP level 1. HP: 19/19 MP: 1/1
   216 | D:1      | Reached XP level 2. HP: 26/26 MP: 2/2
   380 | D:1      | Reached skill level 3 in Maces & Flails
  1144 | D:2      | Found a blossoming altar of Fedhas.
  1187 | D:2      | Reached XP level 3. HP: 28/31 MP: 3/3
  1843 | D:2      | Reached XP level 4. HP: 38/38 MP: 4/4
  1970 | D:3      | Reached skill level 4 in Shields
  2236 | D:3      | Found a deep blue altar of Sif Muna.
  2246 | D:3      | Reached skill level 4 in Maces & Flails
  2254 | D:3      | Reached XP level 5. HP: 26/45 MP: 5/5
  2633 | D:3      | Found a sacrificial altar of Ru.
  2876 | D:4      | Noticed an ogre
  2883 | D:4      | Killed an ogre
  2883 | D:4      | Reached skill level 5 in Shields
  3040 | D:4      | Reached XP level 6. HP: 51/51 MP: 6/6
  3059 | D:4      | Reached skill level 5 in Maces & Flails
  3493 | D:4      | Noticed a yak
  3493 | D:4      | Noticed a yak
  3494 | D:4      | Noticed a yak
  3512 | D:4      | Killed a yak
  3512 | D:4      | Reached skill level 4 in Fighting
  3861 | D:4      | Killed a yak
  3861 | D:4      | Reached skill level 6 in Maces & Flails
  3861 | D:4      | Gained mutation: Your flesh is cold resistant. [White Draconian growth]
  3861 | D:4      | Reached XP level 7. HP: 45/60 MP: 7/7
  3950 | D:4      | Quit the game

Vault maps used:
D:1:      minmay_arrival_up_and_down
D:2:      lemuel_doored_altar, first_bread, st_stairs_1, due_unseen_surprise
D:3:      marbit_many_paths, old_standard_altar
D:4:      roderic_lattice_a

Vanquished Creatures
  2 yaks
  An ogre
  A scorpion
  A hound
  An orc priest
  6 adders
  An ooze
  2 worms
  6 orcs
  8 bats
  5 giant cockroaches
  7 goblins
  12 hobgoblins
  7 jackals
  A quokka
  4 giant newts
  11 kobolds
  A quokka skeleton
  4 rats
81 creatures vanquished.
